 Dungeon Crawl Stone Soup version 0.29.0-4-gdea44cf6ec (webtiles) character file.

Game seed: 5815658990228700868

1089 qw the Cleaver (level 8, -2/48 HPs)
             Began as a Tengu Warper on Aug 28, 2022.
             Slain by a white imp (3 damage)
             ... on level 6 of the Dungeon.
             The game lasted 00:00:37 (5906 turns).

qw the Cleaver (Tengu Warper)                       Turns: 5906, Time: 00:00:37

Health: -2/48      AC: 13    Str: 14    XL:     8   Next: 30%
Magic:  12/12      EV:  8    Int: 14    God:
Gold:   254        SH:  0    Dex: 13    Spells: 11/11 levels left

rFire   . . .      SeeInvis .   Y - +1 hand axe (vorpal)
rCold   . . .      Faith    .   (no shield)
rNeg    . . .      Spirit   .   g - +0 chain mail
rPois   .          Reflect  .   (helmet restricted)
rElec   .          Harm     .   (no cloak)
rCorr   +          Rampage  .   (no gloves)
Will    .....                   (boots unavailable)
Stlth   ..........              (no amulet)
HPRegen 0.16/turn               i - +4 ring of protection
MPRegen 0.13/turn               n - ring of resist corrosion

@: about to teleport, flying quickly and evasively, quick
A: beak, talons 3, nimble flight
a: no special abilities


You were on level 6 of the Dungeon.
You visited 1 branch of the dungeon, and saw 6 of its levels.

You collected 254 gold pieces.


Innate Abilities, Weirdness & Mutations

You have a beak for a mouth.
You have claws for feet.
Your magical nature lets you fly swiftly and evasively.


   Skills:
 - Level 4.2 Fighting
 + Level 9.3 Axes
 - Level 1.0 Throwing
 - Level 3.0 Armour
 - Level 2.1 Dodging
 - Level 2.0 Spellcasting
 - Level 2.4 Translocations


You had 11 spell levels left.
You didn't know any spells.
Your spell library contained the following spells:

 Spells                   Type           Power      Damage    Failure   Level
 Blink                    Tloc           16%        N/A       97%         2
 Gell's Gravitas          Tloc           8%         N/A       100%        3
 Lesser Beckoning         Tloc           8%         N/A       100%        3
 Teleport Other           Tloc           8%         N/A       100%        3
 Manifold Assault         Tloc           8%         N/A       100%        5

Inventory:

Hand Weapons
 e - a +0 flail
 Y - a +1 vorpal hand axe (weapon)
Armour
 g - a +0 chain mail (worn)
Jewellery
 i - a +4 ring of protection (left hand)
 n - a ring of resist corrosion (right hand)
Scrolls
 l - a scroll of identify
 m - a scroll of teleportation
Potions
 b - a potion of brilliance {unknown}
 c - a potion of curing
 d - a potion of degeneration {unknown}
 f - a potion of heal wounds {unknown}
 j - a potion of might {unknown}
 k - a potion of magic {unknown}

Dungeon Overview and Level Annotations

Branches:
Dungeon (6/15)
 Temple: D:4-7

Altars:
Fedhas
Hepliaklqana
Makhleb
Trog
Uskayaw

Shops:
D:1 !

Annotations:
D:6 1 runed translucent door


Message History

The orc priest is almost dead.
You closely miss the gnoll. You slash the orc!
You kill the orc!
The orc priest begins to cast a cantrip, but forgets the words!
The gnoll hits you but does no damage.
You hit the orc priest but do no damage.
You peck the orc priest.
The orc priest is almost dead.
You closely miss the gnoll. You hit the gnoll but do no damage.
You hit the gnoll.
The orc priest hits you but does no damage.
You hit the orc priest.
You kill the orc priest!
You closely miss the gnoll. You hit the gnoll. x2
The white imp shouts, "Slither hence, thou fobbing unchin-snouted tiddler!"
The gnoll completely misses you. The gnoll hits you with a +0 club.
The gnoll hits you but does no damage.
You closely miss the gnoll. Your peck misses the gnoll.
The gnoll is almost dead.
You closely miss the gnoll. x2; You barely miss the gnoll.
The gnoll hits you with a +0 flail. The gnoll hits you with a +0 club. x2
The gnoll barely misses you.
5904 ||| READING 2 scrolls of teleportation.
As you read the scroll of teleportation, it crumbles to dust.
You feel strangely unstable. The gnoll barely misses you.
The gnoll hits you with a +0 club.
The gnoll hits you but does no damage. x2
A shadow imp comes into view.
A hound comes into view.
The hound barks!
You hit the gnoll but do no damage.
The gnoll is almost dead.
You closely miss the gnoll. You hit the gnoll. x2
You kill the gnoll!
The gnoll hits you with a +0 flail! The gnoll hits you but does no damage.
The gnoll closely misses you.
You hit the gnoll.
You kill the gnoll!
You hit the gnoll but do no damage. You hit the gnoll. You hit the white imp.
The white imp hits you.
You die...

#...l....#.#....##......###
# #......................##
#
...###5..###......#.......#
# .o.o....##
#.#..h.#.......# .
...###...###.....##.......##
## ###...##...####.......#
.### ###...................
...## #..g5).....#########.
....# #..g@........# .
....#########...<......#.#
..............)).......#...
.....########)...).....#
##.#
.....#########.####....# #
..........#......###...#
...######.#......# ##....
#### #...../..# .....
##.......# .....


You could see a hound, 2 gnolls, a white imp and a shadow imp.

Vanquished Creatures
  Sigmund (D:4)
  Menkaure (D:6)
  2 black bears (D:4)
  2 scorpions
  A hound (D:5)
  2 orc priests
  A gnoll bouda (D:6)
  A jelly (D:6)
  4 iguanas
  Ijyb (D:4)
  7 adders
  8 gnolls
  An ufetubus (D:5)
  2 worms
  A dart slug (D:4)
  15 orcs
  8 ball pythons
  6 endoplasms
  4 giant cockroaches
  12 goblins
  11 hobgoblins
  6 jackals
  2 quokkas
  5 bats
  A frilled lizard (D:3)
  5 kobolds
  9 rats
119 creatures vanquished.

Vanquished Creatures (others)
  A plant (D:3)
1 creature vanquished.

Grand Total: 120 creatures vanquished

Notes
Turn   | Place    | Note
-------+----------+-------------------------------------------
     0 | D:1      | qw the Tengu Warper began the quest for the Orb.
     0 | D:1      | Reached XP level 1. HP: 12/12 MP: 4/4
     0 | D:1      | 0 ||| qw: Version: 0.1-a-89-g26bdef1
     0 | D:1      | 0 ||| qw: Game counter: 2485
     0 | D:1      | 0 ||| qw: Always use a shield: true
     0 | D:1      | 0 ||| qw: God list: Okawaru
     0 | D:1      | 0 ||| qw: Allow faded altars: false
     0 | D:1      | 0 ||| qw: Do Orc after D:15 true
     0 | D:1      | 0 ||| qw: Do second Lair branch before Depths: true
     0 | D:1      | 0 ||| qw: Lair rune preference: random
     0 | D:1      | 0 ||| qw: Plans: Normal
     0 | D:1      | 0 ||| PLANNING D:1-11
   141 | D:1      | 141 ||| Stepping ~*~*~tactically~*~*~ (stealth).
   150 | D:1      | 150 ||| Stepping ~*~*~tactically~*~*~ (stealth).
   151 | D:1      | 151 ||| Stepping ~*~*~tactically~*~*~ (stealth).
   161 | D:1      | 161 ||| Stepping ~*~*~tactically~*~*~ (stealth).
   163 | D:1      | 163 ||| Stepping ~*~*~tactically~*~*~ (stealth).
   186 | D:1      | 186 ||| Stepping ~*~*~tactically~*~*~ (stealth).
   240 | D:1      | 240 ||| DROPPING +0 club.
   372 | D:1      | Reached skill level 3 in Axes
   372 | D:1      | Reached XP level 2. HP: 14/17 MP: 6/6
   386 | D:1      | 386 ||| Stepping ~*~*~tactically~*~*~ (stealth).
   446 | D:1      | Found Puaf's Distillery.
   465 | D:1      | 465 ||| SHOPLISTING potion of cancellation (104 gold, have
                  | 23).
   465 | D:1      | 465 ||| SHOPLISTING potion of curing (39 gold, have 23).
   465 | D:1      | 465 ||| SHOPLISTING potion of haste (130 gold, have 23).
   465 | D:1      | 465 ||| SHOPLISTING potion of might (52 gold, have 23).
   465 | D:1      | 465 ||| SHOPLISTING potion of mutation (104 gold, have 23).
   607 | D:1      | Found a faded altar of an unknown god.
   681 | D:1      | 681 ||| Stepping ~*~*~tactically~*~*~ (stealth).
   767 | D:1      | Reached XP level 3. HP: 21/21 MP: 7/7
  1028 | D:1      | Reached skill level 4 in Axes
  1165 | D:1      | 1165 ||| UPGRADING to +0 ring mail.
  1175 | D:1      | 1175 ||| DROPPING +0 leather armour.
  1176 | D:1      | 1176 ||| UPGRADING to +4 ring of protection.
  1177 | D:1      | 1177 ||| READING scroll labelled SUORAO ADUDA.
  1185 | D:1      | 1185 ||| READING scroll labelled POQESKYUH.
  1186 | D:1      | 1186 ||| READING scroll labelled SIURHI YSUJ.
  1305 | D:1      | 1305 ||| READING scroll labelled DET INGACIYFF.
  1306 | D:1      | 1306 ||| READING scroll labelled VOODES GEQUALO.
  1307 | D:1      | 1307 ||| DROPPING scroll of blinking.
  1360 | D:2      | 1360 ||| Stepping ~*~*~tactically~*~*~ (stealth).
  1803 | D:2      | You fall into a shaft and drop 1 floor!
  1805 | D:3      | 1805 ||| READING scroll labelled ERULONNUTU.
  1948 | D:2      | Reached XP level 4. HP: 26/26 MP: 8/8
  2358 | D:2      | 2358 ||| DRINKING 2 metallic silvery potions.
  2429 | D:3      | 2429 ||| FLEEEEING.
  2430 | D:3      | 2430 ||| STAIRDANCE
  2579 | D:3      | Reached skill level 5 in Axes
  2579 | D:3      | 2579 ||| FLEEEEING.
  2580 | D:3      | 2580 ||| FLEEEEING.
  2581 | D:3      | 2581 ||| STAIRDANCE
  2665 | D:3      | 2665 ||| STAIRDANCE
  2805 | D:3      | Found a burning altar of Makhleb.
  2809 | D:3      | 2809 ||| Stepping ~*~*~tactically~*~*~ (stealth).
  2822 | D:3      | Found a blossoming altar of Fedhas.
  2823 | D:3      | Found a hazy altar of Hepliaklqana.
  2941 | D:3      | HP: 3/26 [gnoll/+0 whip (6)]
  2944 | D:3      | Gained mutation: Your magical nature lets you fly swiftly
                  | and evasively. [Tengu growth]
  2944 | D:3      | Reached XP level 5. HP: 4/30 MP: 9/9
  3238 | D:3      | 3238 ||| DROPPING +0 mace.
  3308 | D:3      | 3308 ||| Stepping ~*~*~tactically~*~*~ (stealth).
  3456 | D:3      | 3456 ||| SWAPPING to +1 hand axe of venom.
  3457 | D:3      | 3457 ||| DROPPING +0 hand axe.
  3682 | D:3      | 3682 ||| UPGRADING to +0 chain mail.
  3692 | D:3      | 3692 ||| DROPPING +0 ring mail.
  3734 | D:4      | Reached skill level 6 in Axes
  3951 | D:4      | Noticed Ijyb
  3958 | D:4      | Killed Ijyb
  3959 | D:4      | Reached XP level 6. HP: 35/35 MP: 10/10
  3970 | D:4      | 3970 ||| Stepping ~*~*~tactically~*~*~ (stealth).
  4100 | D:4      | 4100 ||| Stepping ~*~*~tactically~*~*~ (hiding).
  4110 | D:4      | Noticed Sigmund
  4111 | D:4      | 4111 ||| Stepping ~*~*~tactically~*~*~ (stealth).
  4113 | D:4      | 4113 ||| Stepping ~*~*~tactically~*~*~ (hiding).
  4123 | D:4      | Killed Sigmund
  4124 | D:4      | Reached skill level 7 in Axes
  4124 | D:4      | Reached XP level 7. HP: 36/40 MP: 11/11
  4175 | D:4      | 4175 ||| Stepping ~*~*~tactically~*~*~ (stealth).
  4186 | D:4      | 4186 ||| Stepping ~*~*~tactically~*~*~ (stealth).
  4188 | D:4      | 4188 ||| Stepping ~*~*~tactically~*~*~ (stealth).
  4211 | D:4      | Found a bloodstained altar of Trog.
  4223 | D:4      | Reached skill level 3 in Fighting
  4266 | D:4      | Found a hide-covered altar of Uskayaw.
  4266 | D:4      | Noticed a +0 hand axe
  4267 | D:4      | Noticed a +0 dagger
  4277 | D:4      | Reached skill level 8 in Axes
  4483 | D:4      | 4483 ||| READING scroll labelled NULEOBU HASEO.
  4484 | D:4      | 4484 ||| READING scroll labelled ECRENA LOTON.
  4485 | D:4      | 4485 ||| DRINKING 2 fizzy red potions.
  4486 | D:4      | 4486 ||| DROPPING potion of flight.
  4513 | D:5      | Entered Level 5 of the Dungeon
  5142 | D:5      | 5142 ||| UPGRADING to ring of resist corrosion.
  5143 | D:5      | 5143 ||| READING 3 scrolls labelled SYNEIG DODED.
  5144 | D:5      | 5144 ||| DRINKING 2 orange potions.
  5145 | D:5      | 5145 ||| DROPPING 2 scrolls of immolation.
  5146 | D:5      | 5146 ||| DROPPING potion of attraction.
  5198 | D:6      | Reached skill level 9 in Axes
  5198 | D:6      | Reached XP level 8. HP: 34/46 MP: 12/12
  5212 | D:6      | 5212 ||| FLEEEEING.
  5351 | D:6      | Noticed Menkaure
  5361 | D:6      | HP: 10/46 [??? (7)]
  5362 | D:6      | 5362 ||| READING 3 scrolls of teleportation.
  5364 | D:6      | HP: 4/46 [Menkaure (2)]
  5364 | D:6      | HP: 1/46 [gnoll/+0 whip[a gnoll bouda] (3)]
  5365 | D:6      | Reached skill level 3 in Armour
  5366 | D:6      | Killed Menkaure
  5687 | D:6      | Found a runed translucent door.
  5739 | D:6      | 5739 ||| FLEEEEING.
  5740 | D:6      | 5740 ||| FLEEEEING.
  5741 | D:6      | 5741 ||| FLEEEEING.
  5742 | D:6      | 5742 ||| FLEEEEING.
  5743 | D:6      | 5743 ||| FLEEEEING.
  5744 | D:6      | 5744 ||| FLEEEEING.
  5745 | D:6      | 5745 ||| FLEEEEING.
  5746 | D:6      | 5746 ||| FLEEEEING.
  5748 | D:6      | 5748 ||| FLEEEEING.
  5749 | D:6      | 5749 ||| STAIRDANCE
  5851 | D:5      | 5851 ||| DRINKING 2 bubbling ruby potions.
  5882 | D:5      | 5882 ||| DROPPING potion of lignification.
  5885 | D:6      | 5885 ||| STAIRDANCE
  5903 | D:6      | HP: 10/48 [gnoll/+0 club (3)]
  5904 | D:6      | 5904 ||| READING 2 scrolls of teleportation.
  5905 | D:6      | HP: 1/48 [gnoll/+0 flail (8)]
  5906 | D:6      | Slain by a white imp

Levels and vault maps discovered:
D:1:      roderic_dead_forest, layout_loops_cross, serial_shops, shop,
          hellmonk_ecumenical_altar_crossroads, minmay_pentomino_u2
D:2:      layout_basic, grunt_decor_resistance, chequers_serial_rivers_room_b
D:3:      layout_basic, grunt_temple_overflow_open, nicolae_grassy_gnolls
D:4:      layout_basic, trog_ov_bears_minmay, dancing_weapons_uskayaw,
          uniq_sigmund, uniq_ijyb
D:5:      layout_rooms
D:6:      layout_rooms, nicolae_overflow_hallway_of_the_gods,
          lightli_church_of_beogh, uniq_menkaure

Skill      XL: |  1  2  3  4  5  6  7  8 |
---------------+-------------------------+-----
Axes           | 3 4 5 6 7 9 |  9.3
Armour         | 2 3 |  3.0
Fighting       | 3 4 |  4.2
Throwing       | |  1.0
Dodging        | |  2.1
Spellcasting   | |  2.0
Translocations | |  2.4

Action                   |  1- 3 |  4- 6 |  7- 9 || total
-------------------------+-------+-------+-------++-------
Melee: Hand axe          |    96 |   114 |    91 ||   301
       Peck              |    13 |    15 |    21 ||    49
       Kick              |    25 |    26 |    18 ||    69
       Punch             |     2 |       |     1 ||     3
Throw: Boomerang         |     7 |       |       ||     7
       Javelin           |       |    25 |     2 ||    27
  Use: Scroll            |     6 |       |     5 ||    11
       Potion            |       |     1 |     3 ||     4
 Stab: Sleeping          |     1 |       |       ||     1
       Distracted        |       |       |     1 ||     1
Armor: Leather armour    |    14 |       |       ||    14
       Ring mail         |     4 |    33 |       ||    37
       Chain mail        |       |    13 |    49 ||    62
Dodge: Dodged            |    33 |    64 |    43 ||   140

Table legend:
 A = Non-vault XP
 B = Vault XP
 C = Vault XP percentage of total XP
 D = Non-vault monster count
 E = Vault monster count
 F = Vault count percentage of total count
                 A         B        C        D         E       F
            +---------+---------+-------+---------+---------+-------
      Total |     843 |     727 |  46.3 |     110 |       9 |   7.6
            +---------+---------+-------+---------+---------+-------
        D:1 |      49 |       2 |   3.9 |      29 |       1 |   3.3
        D:2 |      37 |       0 |   0.0 |      20 |       0 |   0.0
        D:3 |      91 |      41 |  31.1 |      22 |       3 |  12.0
        D:4 |     233 |     527 |  69.3 |      23 |       4 |  14.8
        D:5 |     174 |       0 |   0.0 |       6 |       0 |   0.0
        D:6 |     259 |     157 |  37.7 |      10 |       1 |   9.1
            +---------+---------+-------+---------+---------+-------
